 Dungeon Crawl Stone Soup version 0.30.0-19-g36f170ea60 (webtiles) character file.

Game seed: 2988765216470313723

67727 Irreverend the Bludgeoner (level 14, -3/133 HPs)
             Began as a Minotaur Fighter on May 29, 2023.
             Was a High Priest of Okawaru.
             Killed by divine providence
             ... invoked by an orc priest
              (11 damage)
             ... on level 1 of the Orcish Mines.
             The game lasted 00:47:24 (20538 turns).

Irreverend the Bludgeoner (Minotaur Fighter)       Turns: 20538, Time: 00:47:24

Health: -3/133     AC: 28    Str: 21    XL:     14   Next: 84%
Magic:  16/16      EV: 13    Int:  5    God:    Okawaru [*****.]
Gold:   1215       SH: 23    Dex: 12    Spells: 13/13 levels left

rFire   + . .        U - +2 demon whip (vamp)
rCold   + . .        K - +3 tower shield
rNeg    . . .        z - +10 plate armour of the Stag {Rampage Will+ Str-3}
rPois   +            (helmet restricted)
rElec   +            a - scarf {repulsion}
rCorr   +            (no gloves)
SInv    .            (no boots)
Will    ++...        (no amulet) Stlth
                     u - ring of resist corrosion
HPRegen 0.42/turn    C - +5 ring of evasion
MPRegen 0.15/turn

%: repel missiles, rampage
@: resistant, heroic, invisible
A: horns 2, retaliatory headbutt
a: Renounce Religion, Heroism, Finesse, Duel


You were on level 1 of the Orcish Mines.
You worshipped Okawaru.
Okawaru was extremely pleased with you.
You visited 4 branches of the dungeon, and saw 20 of its levels.
You visited the Abyss 1 time.

You collected 2497 gold pieces.
You spent 1282 gold pieces at shops.

Inventory:

Hand Weapons
 c - the +8 morningstar "Anoigupp" {flame, Str+3}
   (Okawaru gifted it to you on level 4 of the Lair of Beasts)

   Str:       It affects your strength (+3).
 h - the +3 mace of Defence {flame, *Corrode Str+6}
   (You took it off a hobgoblin on level 2 of the Dungeon)

   Str:       It affects your strength (+6).
   *Corrode:  It may corrode you when you take damage.
 U - a +2 vampiric demon whip (weapon)
Missiles
 r - 4 atropa-tipped darts
 J - 3 silver boomerangs
 V - 5 curare-tipped darts (quivered)
 W - 5 throwing nets
Armour
 a - a scarf of repulsion (worn)
 t - the +6 plate armour "Etosaa" {Rampage rElec rC+}
   (You bought it in a shop on level 7 of the Dungeon)

   rC:        It protects you from cold.
   rElec:     It insulates you from electricity.
   Rampage:   It bestows one free step when moving towards enemies.
 z - the +10 plate armour of the Stag (worn) {Rampage Will+ Str-3}
   (Okawaru gifted it to you on level 11 of the Dungeon)

   Str:       It affects your strength (-3).
   Rampage:   It bestows one free step when moving towards enemies.
   Will:      It increases your willpower.
 B - a +2 cloak
 K - a +3 tower shield (worn)
 X - a +2 scale mail of willpower
Jewellery
 e - a ring of protection from cold
 u - a ring of resist corrosion (left hand)
 y - a ring of flight
 A - a ring of protection from cold
 C - a +5 ring of evasion (right hand)
 M - a +5 ring of evasion
 N - a +6 ring of dexterity
 R - a ring of protection from cold
Wands
 k - a wand of flame (70)
 H - a wand of paralysis (25)
 O - a wand of polymorph (13)
 Q - a wand of light (20)
 Y - a wand of mindburst (7)
Scrolls
 g - 2 scrolls of poison
 i - 11 scrolls of teleportation
 l - 3 scrolls of torment
 m - 2 scrolls of identify
 o - 5 scrolls of fog
 v - a scroll of immolation
 x - 3 scrolls of blinking
 D - 2 scrolls of magic mapping
 F - 3 scrolls of vulnerability
 P - 2 scrolls of noise
Potions
 b - a potion of haste
 d - 3 potions of might
 j - 3 potions of mutation
 q - 3 potions of curing
 w - a potion of magic
 E - 2 potions of cancellation
 G - 2 potions of lignification
 L - 4 potions of attraction
 S - 2 potions of flight


   Skills:
 + Level 14.5(19.5) Fighting
 * Level 19.5(24.5) Maces & Flails
 + Level 14.5(19.5) Armour
 + Level 14.5(19.5) Shields
 + Level 4.1 Invocations


You had 13 spell levels left.
You didn't know any spells.
Your spell library contained the following spells:

 Spells                   Type           Power      Damage    Failure   Level
 Apportation              Tloc           0%         N/A       100%        1
 Beastly Appendage        Tmut           0%         N/A       100%        1
 Freeze                   Ice            0%         1d3       100%        1
 Necrotise                Necr           0%         1d4       100%        1
 Lesser Beckoning         Tloc           0%         N/A       100%        2
 Scorch                   Fire           0%         2d5       100%        2
 Wereblood                Tmut           0%         N/A       100%        2
 Confusing Touch          Hex            0%         N/A       100%        3
 Dazzling Flash           Conj/Hex       0%         N/A       100%        3
 Gell's Gravitas          Tloc           0%         N/A       100%        3
 Hailstorm                Conj/Ice       0%         3d3       100%        3
 Spider Form              Tmut/Pois      0%         N/A       100%        3
 Teleport Other           Tloc           0%         N/A       100%        3
 Volatile Blastmotes      Fire/Tloc      0%         2d10      100%        3
 Flame Wave               Conj/Fire      0%         2d4       100%        4
 Fulminant Prism          Conj/Hex       0%         3d5       100%        4
 Ice Form                 Ice/Tmut       0%         N/A       100%        4
 Iskenderun's Mystic Bla  Conj/Tloc      0%         2d3       100%        4
 Alistair's Intoxication  Tmut/Pois      0%         N/A       100%        5
 Borgnjor's Vile Clutch   Necr/Erth      0%         N/A       100%        5
 Lee's Rapid Deconstruct  Erth           0%         3d4*      100%        5
 Eringya's Noxious Bog    Tmut/Pois      0%         N/A       100%        6
 Starburst                Conj/Fire      0%         6d3       100%        6
 Enfeeble                 Hex            0%         N/A       100%        7
 Storm Form               Tmut/Air       0%         N/A       100%        7
 Summon Small Mammal      Summ           Unusable   N/A       N/A         1
 Summon Lightning Spire   Summ/Air       Unusable   N/A       N/A         4
 Summon Mana Viper        Hex/Summ       Unusable   N/A       N/A         5
 Simulacrum               Ice/Necr       Unusable   N/A       N/A         6
 Summon Cactus Giant      Summ           Unusable   N/A       N/A         6

Dungeon Overview and Level Annotations

Branches:
Dungeon (12/15)            Temple (1/1) D:7            Lair (5/5) D:8
 Shoals (0/4) Lair:3        Snake (0/4) Lair:3        Slime (0/5) Lair:4
    Orc (2/2) D:12            Elf (0/3) Orc:2

Altars:
Ashenzari
Cheibriados
Dithmenos
Elyvilon
Fedhas
Gozag
Hepliaklqana
Kikubaaqudgha
Makhleb
Nemelex Xobeh
Okawaru
Qazlal
Ru
Sif Muna
Trog
Uskayaw
Vehumet
Wu Jian
Xom
Yredelemnul
Zin
The Shining One
Jiyva

Shops:
D:2 [   D:5 [   D:7 :*   Orc:2 *?=*

Portals:
Hell: Lair:5

Annotations:
D:5 1 runed translucent door, ChrisAssaf's ghost, novice GnGl
D:11 2 transporters, Erolcha; superbruh's ghost, journeyman TrFi
Lair:1 exclusion: oklob plant
Lair:2 exclusion: oklob plant
Orc:1 Sonja


Innate Abilities, Weirdness & Mutations

You have a pair of horns on your head.
You reflexively headbutt those who attack you in melee.


Message History

You hear a shout! x2
You block the orc warrior's attack.
The orc knight roars a battlecry!
The orcs go into a battle-frenzy!
An orc comes into view. It is wielding a +0 whip.
An orc comes into view. It is wielding a +0 mace.
The orc knight hits you from afar with a +0 glaive!
* * * LOW HITPOINT WARNING * * *
You closely miss the orc warrior.
The orc shouts!
You hear a shout!
An orc comes into view. It is wielding a +0 hand axe.
The orc knight hits you from afar with a +0 glaive!!
* * * LOW HITPOINT WARNING * * *
You block the orc warrior's attack.
You hear a shout!
You closely miss the orc warrior. Your headbutt misses the orc warrior.
Sonja plants her feet in a plie.
As you read the scroll of fear, it crumbles to dust.
You assume a fearsome visage.
The orc warrior looks frightened!
The orc knight looks frightened!
The orc warrior looks frightened!
The orc looks frightened! x3; The orc knight looks frightened!
The orc warrior howls in fear.
A troll comes into view.
You fade into invisibility!
Sonja throws a curare-tipped dart.
You block the curare-tipped dart.
An orc comes into view. It is wielding a +0 hand axe.
The +8 morningstar "Anoigupp" {flame, Str+3} stops flaming.
You feel a sense of dread.
U - a +2 vampiric demon whip (weapon)
The orc shouts!
You hear a shout!
You block the orc priest's attack.
You whack the orc priest!
You feel better.
The orc priest is almost dead.
The orc shouts!
You closely miss the orc priest.
The orc priest is almost dead.
The orc shouts!
The orc priest invokes the aid of Beogh against you.
Beogh smites you!
You die...

... #... #.##
.#..oo...# #.o#
...o.....# #Ko##
.........# ##o.#
.......#.# #.o.#
#.......# #....
##.....#.######...#
###.#o#..)...)......#
##...@##......#).....#
#.....)).[o)......)...
##.##.#...K$....>.)...
# #......[[.....#)...
#.......o.......#.#.
.......o........#####
....##......##.###
##.## ##......### ##
........#


You could see an orc knight (strong, unable to see you, fleeing), an orc high
priest (wandering, strong, unable to see you), Sonja (unable to see you), an orc
warrior (strong, unable to see you, fleeing), an orc priest (strong, unable to
see you) and 3 orcs.

Vanquished Creatures
  2 dire elephants (Lair:5)
  Harold (Lair:1)
  Erica (D:8)
  A centaur warrior (D:12)
  5 hydras
  An ogre mage (Orc:1)
  Fannar (D:11)
  A catoblepas (Lair:5)
  4 boulder beetles
  6 two-headed ogres
  3 orc high priests (Orc:2)
  Amaemon (D:8)
  A sun demon (Lair:5)
  Lodul (D:10)
  A lindwurm (Lair:5)
  2 wizards
  Pikel (D:8)
  An ugly thing (D:12)
  5 orc knights
  4 orc sorcerers (Orc:2)
  2 manticores
  Maurice (D:11)
  6 cyclopes
  4 elephants (Lair:3)
  2 merfolk sirens (Lair:3)
  9 black mambas
  A smoke demon (Lair:5)
  A gargoyle (D:12)
  Maggie (D:8)
  12 cane toads
  2 orange demons
  2 kobold demonologists (D:5)
  A tormentor (Abyss:2)
  4 komodo dragons
  2 rime drakes
  2 red devils (Lair:5)
  2 ice devils (Lair:5)
  9 polar bears
  2 merfolk (Lair:3)
  11 trolls
  A hornet (Lair:1)
  8 blink frogs
  3 centaur simulacra (D:11)
  A ynoxinul (D:10)
  2 wraiths (D:10)
  33 yaks
  A shadow (D:9)
  2 wyverns (Lair:5)
  2 basilisks
  A steam dragon (D:8)
  A neqoxec (Abyss:2)
  A chaos spawn (D:10)
  A warg (Orc:2)
  5 hell hounds (Lair:5)
  2 acid dragons
  21 water moccasins
  2 black bears
  4 ice beasts
  22 orc warriors
  A sky beast (D:7)
  45 wolves
  4 centaurs (D:11)
  A phantom (D:4)
  10 ogres
  4 lemures (D:8)
  3 kobold brigands
  3 gnoll sergeants
  16 bullfrogs
  4 scorpions
  12 wights (D:8)
  3 howler monkeys
  6 electric eels
  7 crimson imps (D:9)
  A hound (D:7)
  2 jellies
  19 orc priests
  3 iron imps (D:8)
  A sleepcap (D:5)
  5 iguanas
  Ijyb (D:3)
  26 orc wizards
  13 gnolls
  7 adders
  3 shadow imps
  4 white imps
  2 dart slugs (D:4)
  4 worms
  70 orcs
  8 endoplasms
  3 giant cockroaches
  13 goblins
  14 hobgoblins
  8 jackals (D:5)
  21 kobolds
  4 quokkas
  3 ball pythons
  5 bats
  5 frilled lizards
  5 rats
601 creatures vanquished.

Vanquished Creatures (collateral kills)
  A crimson imp (D:10)
1 creature vanquished.

Vanquished Creatures (others)
  2 orc priests
  An orc wizard (Orc:2)
  An orc (Orc:2)
4 creatures vanquished.

Grand Total: 606 creatures vanquished

Notes
Turn   | Place    | Note
-------+----------+-------------------------------------------
     0 | D:1      | Irreverend the Minotaur Fighter began the quest for the
                  | Orb.
     0 | D:1      | Reached XP level 1. HP: 19/19 MP: 0/0
   176 | D:1      | Reached XP level 2. HP: 27/27 MP: 1/1
   236 | D:1      | Reached skill level 3 in Maces & Flails
   844 | D:2      | Found Itoufole's Antique Armour Boutique.
   851 | D:2      | Reached XP level 3. HP: 33/33 MP: 2/2
   889 | D:2      | Identified the +3 mace of Defence {flame, *Corrode Str+6}
   954 | D:2      | Identified the +6 rapier of Qifaumihi {speed, Stlth+}
  1195 | D:2      | Found a white marble altar of Elyvilon.
  1479 | D:3      | Reached XP level 4. HP: 40/40 MP: 3/3
  1484 | D:3      | Noticed Ijyb
  1487 | D:3      | Killed Ijyb
  1488 | D:3      | Reached skill level 4 in Maces & Flails
  1711 | D:3      | Found a sparkling altar of Nemelex Xobeh.
  1761 | D:3      | Found a radiant altar of Vehumet.
  2258 | D:4      | Noticed a phantom
  2264 | D:4      | Killed a phantom
  2265 | D:4      | Reached XP level 5. HP: 47/47 MP: 4/4
  2468 | D:4      | Reached skill level 5 in Maces & Flails
  2472 | D:4      | Reached XP level 6. HP: 55/55 MP: 5/5
  2732 | D:4      | Reached skill level 5 in Shields
  2860 | D:5      | Entered Level 5 of the Dungeon
  2869 | D:5      | Reached skill level 5 in Fighting
  2874 | D:5      | Found a runed translucent door.
  2891 | D:5      | Noticed ChrisAssaf's ghost (novice GnGl)
  2924 | D:5      | Reached skill level 5 in Armour
  2959 | D:5      | Reached skill level 6 in Maces & Flails
  2969 | D:5      | Reached XP level 7. HP: 60/61 MP: 6/6
  3086 | D:5      | Found Tunauni's Antique Armour Boutique.
  3089 | D:5      | Bought a runed cloak for 262 gold pieces
  3390 | D:5      | Noticed a kobold demonologist
  3397 | D:5      | Noticed a kobold demonologist
  3402 | D:5      | Killed a kobold demonologist
  3403 | D:5      | Reached skill level 7 in Maces & Flails
  3403 | D:5      | Reached XP level 8. HP: 70/70 MP: 7/7
  3408 | D:5      | Killed a kobold demonologist
  3409 | D:5      | Reached skill level 8 in Maces & Flails
  4163 | D:6      | Found a blossoming altar of Fedhas.
  4722 | D:6      | Found a shimmering blue altar of Sif Muna.
  4758 | D:7      | Found a staircase to the Ecumenical Temple.
  4767 | Temple   | Entered the Ecumenical Temple
  5069 | D:7      | Reached skill level 9 in Maces & Flails
  5176 | D:7      | Found Idwil's Mass Market.
  5186 | D:7      | Reached XP level 9. HP: 73/79 MP: 8/8
  5193 | D:7      | Bought a +0 tower shield for 58 gold pieces
  5218 | D:7      | Got the Directory of Spellbinding and Hypothermia
  5634 | D:7      | Found Yroustree's Book Emporium.
  5829 | D:7      | Found a bloodstained altar of Trog.
  5889 | D:8      | Noticed Pikel
  5976 | D:8      | Reached skill level 10 in Maces & Flails
  6264 | D:8      | Found a staircase to the Lair.
  6289 | D:8      | Noticed Erica
  6292 | D:8      | Killed Pikel
  6302 | D:8      | Killed Erica
  6303 | D:8      | Reached skill level 11 in Maces & Flails
  6303 | D:8      | Reached XP level 10. HP: 35/90 MP: 9/9
  6660 | D:8      | Noticed Maggie
  6673 | D:8      | Killed Maggie
  6860 | D:8      | Found a burning altar of Makhleb.
  7055 | D:8      | Got Sif Muna's Compilation of Anathema and the Squall
  7289 | D:8      | Reached skill level 12 in Maces & Flails
  8107 | D:9      | Found a snail-covered altar of Cheibriados.
  8168 | D:9      | Noticed a two-headed ogre
  8176 | D:9      | Killed a two-headed ogre
  8376 | D:10     | Entered Level 10 of the Dungeon
  8376 | D:10     | Found a basalt altar of Yredelemnul.
  8388 | D:10     | Reached skill level 13 in Maces & Flails
  8388 | D:10     | Reached XP level 11. HP: 81/99 MP: 10/10
  8522 | D:10     | Noticed a two-headed ogre
  8608 | D:10     | Killed a two-headed ogre
  8609 | D:10     | Reached skill level 10 in Fighting
  8609 | D:10     | Reached skill level 10 in Shields
  8647 | D:10     | Noticed a wizard
  8651 | D:10     | Reached skill level 10 in Armour
  8651 | Abyss:2  | Cast into level 2 of the Abyss (a wizard)
  8657 | Abyss:2  | Found a corrupted altar of Lugonu.
  8773 | Abyss:2  | Noticed a soul eater
  8839 | D:10     | Escaped the Abyss
  8843 | D:10     | Killed a wizard
  9625 | D:11     | Found a transporter.
  9627 | D:11     | Found a transporter.
  9627 | D:11     | Noticed Erolcha
  9628 | D:11     | Noticed a two-headed ogre
  9748 | Temple   | Became a worshipper of Warmaster Okawaru
  9801 | Lair:1   | Entered Level 1 of the Lair of Beasts
  9847 | Lair:1   | Noticed an oklob plant
  9972 | Lair:1   | Noticed Amaemon
 10031 | D:8      | Killed Amaemon
 10031 | D:8      | Reached * piety under Okawaru
 10032 | D:8      | Reached skill level 14 in Maces & Flails
 10265 | Lair:2   | Reached ** piety under Okawaru
 10379 | Lair:2   | Reached *** piety under Okawaru
 10434 | Lair:2   | Reached XP level 12. HP: 110/110 MP: 11/11
 10653 | Lair:2   | Reached skill level 15 in Maces & Flails
 10820 | Lair:2   | Reached **** piety under Okawaru
 11609 | Lair:1   | Noticed a boulder beetle
 11610 | Lair:1   | Noticed a boulder beetle
 11624 | Lair:1   | Reached ***** piety under Okawaru
 11736 | Lair:1   | Killed a boulder beetle
 11784 | Lair:1   | Killed a boulder beetle
 11872 | Lair:1   | Received a gift from Okawaru
 11958 | Lair:1   | Reached skill level 16 in Maces & Flails
 12007 | Lair:1   | Noticed Harold
 12016 | Lair:1   | Killed Harold
 12373 | Lair:3   | Identified the +3 ring mail of Dyspraxia {rF+ Dex+3}
 12410 | Lair:3   | Found a glowing golden altar of the Shining One.
 12593 | Lair:3   | Reached XP level 13. HP: 118/119 MP: 12/12
 12603 | Lair:3   | Found a staircase to the Shoals.
 13149 | Lair:3   | Found a staircase to the Snake Pit.
 13183 | Lair:4   | Found a staircase to the Slime Pits.
 13183 | Lair:4   | Found a viscous altar of Jiyva.
 13332 | Lair:4   | Reached skill level 17 in Maces & Flails
 13638 | Lair:4   | Identified the +8 morningstar "Anoigupp" {flame, Str+3}
                  | (Okawaru gifted it to you on level 4 of the Lair of Beasts)
 13638 | Lair:4   | Received a gift from Okawaru
 14073 | Lair:5   | Entered Level 5 of the Lair of Beasts
 14747 | Lair:5   | Noticed a dire elephant
 14761 | Lair:5   | Identified the +2 demon trident of Vuptoh {drain, +Blink
                  | rCorr Int-5 Dex+3} (Okawaru gifted it to you on level 5 of
                  | the Lair of Beasts)
 14761 | Lair:5   | Received a gift from Okawaru
 14778 | Lair:5   | Killed a dire elephant
 15294 | Lair:5   | Reached skill level 18 in Maces & Flails
 15298 | Lair:5   | Found a burning altar of Makhleb.
 15612 | Lair:5   | Found a gateway to Hell.
 15695 | Lair:5   | Noticed a dire elephant
 15702 | Lair:5   | Killed a dire elephant
 15798 | Lair:5   | Received a gift from Okawaru
 16001 | D:7      | Bought the +6 plate armour "Etosaa" {Rampage rElec rC+} for
                  | 962 gold pieces
 16170 | Lair:5   | Received a gift from Okawaru
 16173 | Lair:5   | Reached XP level 14. HP: 123/130 MP: 13/13
 16812 | D:11     | Noticed Lodul
 16931 | D:10     | Killed Lodul
 17059 | D:11     | Reached skill level 1 in Invocations
 17116 | D:11     | Noticed Fannar
 17140 | D:11     | Killed Fannar
 17472 | D:11     | Reached ****** piety under Okawaru
 17576 | D:11     | Noticed superbruh's ghost (journeyman TrFi)
 17678 | D:11     | Noticed Maurice
 17682 | D:11     | Identified the +10 plate armour of the Stag {Rampage Will+
                  | Str-3} (Okawaru gifted it to you on level 11 of the
                  | Dungeon)
 17682 | D:11     | Received a gift from Okawaru
 17697 | D:11     | Killed Maurice
 18622 | D:12     | Found a staircase to the Orcish Mines.
 19049 | Orc:1    | Entered Level 1 of the Orcish Mines
 19063 | Orc:1    | Reached skill level 19 in Maces & Flails
 19548 | Orc:2    | Entered Level 2 of the Orcish Mines
 19823 | Orc:2    | Found a staircase to the Elven Halls.
 19940 | Orc:2    | Found Daeweom's General Store.
 20321 | Orc:2    | Found Cuwkucix's Jewellery Emporium.
 20328 | Orc:2    | Found Sihixkia's Magic Scroll Emporium.
 20330 | Orc:2    | Found Ymukus Itoeh's Assorted Antiques.
 20437 | Orc:1    | Noticed Sonja
 20466 | Orc:1    | HP: 3/133 [Sonja/+1 dagger of distortion (18)]
 20489 | Arena    | Entered the Arena
 20532 | Orc:1    | HP: 1/133 [orc knight/+0 glaive (33)]
 20538 | Orc:1    | Killed from afar by an orc priest

Illustrated notes

Levels and vault maps discovered:
D:1:      heliophobic_arrival_dark_side_of_the_moon, layout_loops_cross
D:2:      layout_basic, basic_altar, serial_shops,
          nicolae_shop_tiny_statue_garden, chequers_big_river
D:3:      layout_loops_ring, vehumet_altar_wand_db, nemelex_spade_bored_becter,
          uniq_ijyb
D:4:      layout_gridville, hangedman_decor_push, chequers_decorated_corner,
          hex_large, minmay_increasing_density
D:5:      layout_loops_ring, serial_shops, kennysheep_mini_moat,
          ebering_ghost_sewer_d
D:6:      layout_basic, fedhas_ov_isle_minmay, mainiacjoe_overflow_brackets,
          minmay_misc_feat_ornament
D:7:      layout_basic, trog_book, minmay_temple_entry_junction,
          nicolae_wooded_promenade, minmay_shop_mass
D:8:      layout_basic, demons_altar, lair_entry_dummy, enter_bailey_2,
          st_stairs_4, uniq_maggie, uniq_erica, uniq_pikel
D:9:      layout_basic, lemuel_tele_altar, minmay_misc_feat_x, minmay_nine_imps
D:10:     layout_big_octagon, amcnicky_altar_gilded, serial_rivers,
          chequers_serial_rivers_small_3, chequers_serial_rivers_large_b,
          chequers_serial_rivers_small_b, chequers_serial_rivers_micro_d,
          chequers_serial_rivers_micro_b, lightli_wizard_tower
D:11:     layout_layer_cave, gammafunk_ghost_wrathful_warriors, serial_ice,
          serial_ice_c, serial_ice_f, serial_ice_o, serial_ice_l, serial_ice_b,
          uniq_lodul, uniq_erolcha, uniq_fannar, uniq_maurice
D:12:     layout_cave_pools, hiddenorc1_lemuel
Temple:   dpeg_chambers_temple
Lair:1:   layout_concentric_octagons, pdpol_lair_cavern_descent, uniq_harold,
          uniq_amaemon
Lair:2:   layout_loops_ring, grunt_forest_large_clearings
Lair:3:   layout_cave_pods, elwin_shoals_entry_stream, dummy_snake_entry,
          basic_altar, grunt_megastairs_1
Lair:4:   layout_regular_city, slime_entry_1, grunt_megastairs_5
Lair:5:   evil_forest, layout_concentric_octagons, infiniplex_staircase_pool
Orc:1:    layout_caves, special_room [special_room_orc], serial_shops,
          nicolae_shop_window_shopping, nicolae_orc_pool_cavern, uniq_sonja
Orc:2:    st_orc_elflike, layout_caves, nicolae_orc_damp_corner

Skill      XL: |  1  2  3  4  5  6  7  8  9 10 11 12 13 14 |
---------------+-------------------------------------------+-----
Maces & Flails | 3 4 5 6 7 9 11 13 14 16 18 19 | 19.5
Shields        | 4 5 6 7 8 9 11 12 13 14 | 14.5
Armour         | 4 5 6 7 8 9 11 12 13 14 | 14.5
Fighting       | 4 5 6 7 8 9 11 12 13 14 | 14.5
Invocations    | 4 |  4.1

Action                     |  1- 3 |  4- 6 |  7- 9 | 10-12 | 13-15 || total
---------------------------+-------+-------+-------+-------+-------++-------
  Melee: Flail             |    46 |       |       |       |       ||    46
         Headbutt          |     8 |    16 |    55 |   179 |   160 ||   418
         Mace              |    33 |    93 |   248 |   266 |       ||   640
         Demon whip        |       |       |       |   515 |   132 ||   647
         Morningstar       |       |       |       |       |   596 ||   596
 Invoke: Heroism           |       |       |       |     1 |    10 ||    11
         Finesse           |       |       |       |       |     3 ||     3
         Duel              |       |       |       |       |     1 ||     1
    Use: Scroll            |       |       |       |    21 |    20 ||    41
         Potion            |       |       |       |     4 |    13 ||    17
   Stab: Invisible         |       |       |       |       |     2 ||     2
 Armour: Scale mail        |    13 |       |       |       |       ||    13
         Chain mail        |    23 |    29 |       |       |       ||    52
         Plate armour      |       |    18 |   140 |   151 |   248 ||   557
  Dodge: Dodged            |    30 |    39 |    50 |   179 |   240 ||   538
         Repelled          |       |       |       |       |     7 ||     7
  Block: Buckler           |    19 |    15 |    26 |       |       ||    60
         Tower shield      |       |       |    60 |   511 |   731 ||  1302
